 Dungeon Crawl Stone Soup version 0.28.0-43-g3370ac3207 (webtiles) character file.

Game seed: 4833259543708209037

157 silky the Chopper (level 5, -4/47 HPs)
             Began as a Minotaur Chaos Knight on Mar 30, 2022.
             Was a Plaything of Xom.
             Slain by a gnoll
             ... wielding a +0 halberd
              (7 damage)
             ... on level 3 of the Dungeon.
             The game lasted 00:04:30 (2026 turns).

silky the Chopper (Minotaur Chaos Knight)           Turns: 2026, Time: 00:04:31

Health: -4/47      AC:  5    Str: 19    XL:     5   Next: 15%
Magic:  4/4        EV: 11    Int:  9    God:    Xom [*.....]
Gold:   47         SH:  0    Dex:  9    Spells: 4/4 levels left

rFire   . . .      SeeInvis .   a - +0 hand axe (chaos)
rCold   . . .      Faith    .   (no shield)
rNeg    . . .      Spirit   .   b - +2 leather armour
rPois   +          Reflect  .   (helmet restricted)
rElec   .          Harm     .   (no cloak)
rCorr   .          Rampage  .   (no gloves)
Will    .....                   (no boots)
Stlth   +.........              (no amulet)
HPRegen 0.15/turn               e - ring of poison resistance
MPRegen 0.09/turn               (no ring)

@: no status effects
A: horns 2, retaliatory headbutt
a: Renounce Religion


You were on level 3 of the Dungeon.
You worshipped Xom.
You were a special plaything of Xom.
You visited 1 branch of the dungeon, and saw 3 of its levels.

You collected 47 gold pieces.

Inventory:

Hand Weapons
 a - a +0 hand axe of chaos (weapon)
Armour
 b - a +2 leather armour (worn)
Jewellery
 e - a ring of poison resistance (left hand)
Wands
 j - a wand of charming (6)
Scrolls
 d - a scroll of acquirement {unknown}
Potions
 c - a potion of magic {unknown}
 f - a potion of mutation {unknown}
 g - 2 potions of brilliance
 h - a potion of curing {unknown}
 i - 2 potions of might {unknown}


   Skills:
 + Level 4.7 Fighting
 + Level 5.5 Axes
 + Level 3.1 Armour
 + Level 2.3 Dodging


You had 4 spell levels left.
You didn't know any spells.
Your spell library was empty.

Dungeon Overview and Level Annotations

Branches:
Dungeon (3/15)

Altars:
Makhleb


Innate Abilities, Weirdness & Mutations

You have a pair of horns on your head.
You reflexively headbutt those who attack you in melee.


Message History

The bat hits you but does no damage. The bat barely misses you.
You furiously retaliate!
You headbutt the bat!
You kill the bat!
You have reached level 5!
f - a red potion A gnoll comes into view.
It is wielding a +0 spear.
The gnoll shouts!
You hear a shout!
A gnoll comes into view. It is wielding a +0 halberd.
The gnoll throws a throwing net.
The throwing net hits you.
You become entangled in the net!
You see here a throwing net.
You struggle against the net.
You struggle against the net.
A gnoll comes into view. It is wielding a +0 halberd.
You struggle against the net.
The gnoll shouts!
The gnoll hits you but does no damage.
You rip the net and break free!
The gnoll hits you from afar with a +0 spear.
The gnoll hits you from afar with a +0 halberd!
A shower of butterflies erupts from you!
The gnoll hits you with a +0 spear.
You hit the gnoll. You drain the gnoll.
The gnoll is moderately wounded.
The gnoll closely misses you. You furiously retaliate!
You headbutt the gnoll!
You kill the gnoll!
The gnoll hits you from afar with a +0 halberd!
The gnoll closely misses you. The gnoll hits you with a +0 halberd!
* * * LOW HITPOINT WARNING * * *
You see here 12 gold pieces.
You slash the gnoll! Your headbutt misses the gnoll.
The gnoll is severely wounded.
You hit the gnoll but do no damage.
The gnoll is poisoned.
The gnoll barely misses you. x2
You slash the gnoll! You burn the gnoll.
You kill the gnoll!
You closely miss the gnoll. The gnoll hits you with a +0 halberd.
* * * LOW HITPOINT WARNING * * *
The gnoll hits you with a +0 halberd!
You die...

#.......# #.#.......# ..
#.##..b...# ...
#.##......# #
...##.........+ .#
..............#####.##+#
...............b........
...............)g.......
..............b$@.......
........................
........####.....b......
######'## #............
##.## ###..........
#...# #.......... #...#
######+#### #...# #...#


You could see a gnoll (very poisoned, ally target).

Vanquished Creatures
  A water moccasin zombie (D:3)
  3 gnolls
  2 adders
  2 dart slugs
  6 ball pythons
  4 bats
  5 endoplasms
  A giant cockroach (D:1)
  6 goblins
  6 hobgoblins
  3 quokkas
  6 frilled lizards
  3 kobolds (D:1)
  5 rats
53 creatures vanquished.

Notes
Turn   | Place    | Note
-------+----------+-------------------------------------------
     0 | D:1      | silky the Minotaur Chaos Knight began the quest for the
                  | Orb.
     0 | D:1      | Reached XP level 1. HP: 19/19 MP: 0/0
   175 | D:1      | XOM: potion effect (curing)
   180 | D:1      | XOM: silly message
   184 | D:1      | Reached XP level 2. HP: 15/27 MP: 1/1
   406 | D:1      | Reached skill level 4 in Axes
   596 | D:1      | Reached XP level 3. HP: 34/34 MP: 2/2
   622 | D:1      | XOM: 10-stop teleportation journey
   684 | D:1      | Found a faded altar of an unknown god.
  1155 | D:2      | Found a burning altar of Makhleb.
  1361 | D:2      | XOM: noise
  1455 | D:2      | XOM: divination: detect creatures
  1689 | D:3      | Reached XP level 4. HP: 38/41 MP: 3/3
  1697 | D:3      | Reached skill level 5 in Axes
  2008 | D:3      | Reached XP level 5. HP: 47/47 MP: 4/4
  2021 | D:3      | XOM: butterfly on damage
  2026 | D:3      | Slain by a gnoll

Illustrated notes

Levels and vault maps discovered:
D:1:      evilmike_arrival_fibonacci_small, layout_loops_ring,
          ebering_ecumenical_altar_sacrificial
D:2:      layout_rooms, basic_altar
D:3:      layout_basic

Skill      XL: |  1  2  3  4 |
---------------+-------------+-----
Fighting       | 4 |  4.7
Axes           | 4 5 |  5.5
Armour         | 3 |  3.1
Dodging        | 2 |  2.3

Action                   |  1- 3 |  4- 6 || total
-------------------------+-------+-------++-------
Melee: Hand axe          |    84 |    24 ||   108
       Headbutt          |    10 |     3 ||    13
  Use: Scroll            |     2 |     1 ||     3
Armor: Leather armour    |    30 |    20 ||    50
Dodge: Dodged            |    49 |    19 ||    68
